Map: Bel'Shir Vestige LE (Void)

Players

Railgan - Winner!

  • Race: Zerg Zerg
  • League: Grandmaster
  • Spawn Location: 5:00

Rom

  • Race: Protoss Protoss
  • League: Grandmaster
  • Spawn Location: 11:00

VOD

https://www.youtube.com/watch?v=vqaWD6LwT1c

Description

Time

  • Played on: March 15, 2017, 6:39 p.m.
  • Length: 12:08
Show
View Real Time Build Order
Export as new Build Order

Railgan Zerg - Winner!

Build Orders: Hatch First, Swarm Host 

Get SALT Encoding   

  12  0:01  Drone  
  13  0:12  Overlord  
  13  0:17  Drone  
  14  0:30  Drone  
  14  0:31  Drone  
  14  0:34  Drone  
  17  0:53  Hatchery  
  17  0:56  Drone  
  17  0:58  Drone  
  18  1:09  Extractor  
  17  1:12  Spawning Pool  
  17  1:15  Drone  
  17  1:18  Drone  
  18  1:28  Drone  
  19  1:38  Overlord  
  19  1:59  Queen, Zergling x2  
  19  2:00  Drone  
  23  2:05  Queen, Drone  
  26  2:12  Drone  
  26  2:14  Metabolic Boost  
  27  2:22  Zergling x4  
  29  2:25  Evolution Chamber  
  28  2:32  Zergling x2  
  28  2:34  Queen  
  28  2:35  Zergling x2  
  32  2:44  Queen  
  32  2:49  Drone x2  
  36  3:03  Drone x2  
  36  3:04  Zerg Melee Weapons Level 1  
  36  3:12  Overlord  
  36  3:20  Overlord  
  36  3:21  Extractor  
  36  3:26  Drone  
  36  3:31  Drone  
  36  3:32  Drone x5  
  42  3:45  Drone  
  42  3:46  Drone  
  42  3:48  Drone x3  
  47  3:53  Lair  
  47  3:56  Extractor  
  47  3:59  Roach Warren  
  47  4:02  Drone x2  
  47  4:07  Zergling x2  
  48  4:11  Drone x2  
  49  4:18  Drone  
  49  4:19  Drone  
  49  4:22  Drone  
  50  4:31  Drone x2, Extractor  
  52  4:32  Extractor  
  52  4:33  Overlord  
  52  4:34  Overlord  
  50  4:41  Roach  
  52  4:49  Drone  
  52  4:50  Overlord  
  52  4:55  Drone x2  
  52  4:56  Infestation Pit, Drone  
  52  4:59  Roach x2, Drone  
  60  5:00  Drone x2, Glial Reconstitution  
  60  5:04  Zergling x2  
  60  5:06  Zergling x2  
  63  5:12  Zergling x2  
  63  5:13  Overseer  
  64  5:15  Zergling x2  
  64  5:19  Hatchery  
  64  5:20  Zergling x2  
  65  5:25  Zergling x6  
  65  5:27  Zergling x2  
  69  5:29  Zerg Melee Weapons Level 2  
  69  5:34  Zergling x8  
  73  5:44  Roach  
  73  5:45  Overlord  
  75  6:01  Overlord x2  
  75  6:06  Roach  
  75  6:07  Roach x3  
  75  6:09  Hatchery  
  82  6:15  Baneling Nest  
  82  6:17  Overlord  
  81  6:18  Zergling x2  
  82  6:26  Swarm Host x4  
  90  6:34  Swarm Host x3  
  96  6:42  Swarm Host  
  96  6:44  Zergling x4  
  101  6:55  Swarm Host  
  101  6:57  Overlord x2  
  101  6:59  Zergling x4  
  106  7:12  Baneling  
  106  7:13  Baneling x8, Zergling x2  
  106  7:15  Overlord  
  107  7:22  Zergling x10  
  112  7:31  Zergling x6  
  112  7:32  Zergling x4  
  117  7:45  Swarm Host x4  
  117  7:46  Swarm Host  
  128  7:52  Zergling x2  
  128  7:53  Zergling x2  
  125  8:02  Zergling x4  
  125  8:04  Zergling x2  
  120  8:09  Swarm Host, Zergling x4  
  120  8:10  Swarm Host x2  
  120  8:11  Overlord  
  127  8:13  Spore Crawler, Spine Crawler, Zergling x6  
  127  8:16  Swarm Host  
  127  8:19  Zergling x4  
  132  8:21  Overseer  
  132  8:23  Zergling x2  
  132  8:25  Zergling x2  
  134  8:29  Zergling x2  
  134  8:31  Zergling x2  
  127  8:44  Zergling x2  
  127  8:45  Zergling x10  
  127  8:47  Swarm Host  
  131  8:59  Zergling x4  
  131  9:00  Zergling x2  
  126  9:05  Zergling x2  
  126  9:08  Swarm Host  
  126  9:09  Swarm Host x3  
  130  9:15  Swarm Host x3  
  134  9:17  Zergling x4  
  136  9:25  Baneling  
  136  9:26  Baneling x4  
  136  9:27  Zergling x4  
  136  9:28  Overlord  
  136  9:30  Overlord  
  135  9:52  Infestor x2  
  135  9:54  Zergling x2  
  135  9:55  Drone x6  
  146  10:01  Spine Crawler  
  146  10:04  Spine Crawler  
  144  10:13  Zergling x2  
  144  10:14  Zergling x10  
  149  10:30  Swarm Host  
  149  10:32  Overlord x2  
  148  10:43  Overlord  
  148  10:45  Zergling x2  
  148  10:46  Zergling x12  
  153  10:52  Zergling x6  
  153  10:53  Zergling x2  
  156  10:57  Swarm Host  
  156  10:58  Swarm Host x2  
  162  11:07  Baneling x4  
  162  11:10  Swarm Host x3  
  170  11:12  Zergling x2  
  155  11:28  Zergling x8  
  155  11:34  Zergling x4  
Show
View Real Time Build Order
Export as new Build Order

Rom Protoss 

Build Orders: 1 Gate Expand, Mass Adepts 

Get SALT Encoding   

  12  0:01  Probe (Chrono Boost)  
  13  0:11  Probe (Chrono Boost)  
  14  0:19  Pylon  
  14  0:22  Probe (Chrono Boost)  
  15  0:37  Gateway  
  15  0:38  Probe (Chrono Boost)  
  16  0:45  Assimilator  
  16  0:48  Probe (Chrono Boost)  
  17  0:59  Probe (Chrono Boost)  
  18  1:09  Probe (Chrono Boost), Gateway  
  19  1:26  Cybernetics Core  
  19  1:37  Nexus  
  19  1:45  Pylon  
  19  2:00  Adept x2  
  19  2:02  Warp Gate  
  19  2:05  Probe (Chrono Boost)  
  24  2:08  Assimilator  
  25  2:17  Probe (Chrono Boost)  
  25  2:27  Adept  
  25  2:28  Probe (Chrono Boost)  
  28  2:38  Probe (Chrono Boost)  
  29  2:46  Twilight Council  
  29  2:49  Probe x2 (Chrono Boost)  
  31  3:00  Probe x2 (Chrono Boost)  
  33  3:10  Probe (Chrono Boost)  
  33  3:11  Probe (Chrono Boost), Resonating Glaives  
  31  3:22  Probe (Chrono Boost)  
  31  3:24  Mothership Core (Chrono Boost)  
  31  3:26  Gateway  
  34  3:27  Gateway  
  34  3:30  Pylon  
  35  3:34  Probe (Chrono Boost)  
  35  3:44  Probe (Chrono Boost)  
  35  3:46  Probe (Chrono Boost)  
  37  3:54  Robotics Facility  
  38  3:56  Probe (Chrono Boost)  
  38  3:58  Probe (Chrono Boost)  
  39  4:06  Adept x2  
  39  4:08  Probe (Chrono Boost)  
  45  4:10  Probe (Chrono Boost)  
  44  4:20  Probe (Chrono Boost)  
  44  4:22  Probe (Chrono Boost)  
  44  4:23  Adept x2  
  49  4:28  Pylon  
  50  4:33  Probe (Chrono Boost)  
  50  4:34  Probe (Chrono Boost), Adept  
  53  4:40  Pylon  
  53  4:45  Probe (Chrono Boost)  
  54  4:47  Probe (Chrono Boost)  
  54  4:48  Adept  
  54  4:49  Adept  
  54  4:50  Adept  
  61  4:53  Warp Prism  
  61  4:58  Pylon  
  63  5:02  Assimilator  
  63  5:04  Probe x2 (Chrono Boost), Assimilator  
  65  5:15  Nexus  
  65  5:18  Probe (Chrono Boost)  
  65  5:19  Probe (Chrono Boost)  
  67  5:27  Sentry x3  
  74  5:30  Probe (Chrono Boost)  
  74  5:31  Probe (Chrono Boost)  
  74  5:33  Blink  
  75  5:42  Probe (Chrono Boost)  
  77  5:43  Probe (Chrono Boost)  
  77  5:54  Probe (Chrono Boost), Gateway  
  77  5:56  Gateway  
  78  5:57  Forge  
  78  6:06  Pylon  
  78  6:09  Pylon  
  78  6:19  Immortal, Pylon  
  78  6:20  Pylon  
  84  6:26  Probe x2 (Chrono Boost)  
  84  6:28  Sentry x2  
  88  6:34  Protoss Ground Weapons Level 1  
  88  6:37  Stalker x2  
  88  6:38  Probe x2 (Chrono Boost)  
  94  6:48  Pylon  
  94  6:52  Stalker x2  
  98  6:56  Observer  
  98  6:57  Probe x2 (Chrono Boost)  
  98  6:58  Assimilator  
  98  6:59  Stalker  
  98  7:00  Photon Cannon, Assimilator  
  103  7:05  Stalker  
  103  7:08  Zealot  
  107  7:15  Observer  
  107  7:18  Adept  
  107  7:19  Adept x2  
  114  7:30  Stalker x3  
  114  7:33  Probe (Chrono Boost)  
  114  7:34  Probe x2 (Chrono Boost)  
  123  7:45  Stalker x2  
  123  7:46  Probe (Chrono Boost)  
  120  8:08  Pylon  
  120  8:10  Pylon  
  120  8:12  Pylon x2  
  118  8:13  Pylon  
  118  8:14  Pylon  
  118  8:16  Pylon  
  118  8:18  Pylon  
  116  8:21  Warp Prism  
  118  8:28  Stalker x6  
  125  8:53  Zealot x4  
  125  8:54  Zealot x2  
  137  8:59  Protoss Ground Weapons Level 2  
  114  9:12  Probe x2 (Chrono Boost)  
  114  9:16  Nexus  
  108  9:24  Probe x2 (Chrono Boost)  
  110  9:36  Probe (Chrono Boost)  
  110  9:37  Probe (Chrono Boost)  
  112  9:49  Probe (Chrono Boost)  
  109  9:58  Nexus  
  109  9:59  Stalker x4  
  117  10:02  Stalker x2  
  121  10:22  Adept x2  
  125  10:30  Stalker x4  
  133  10:48  Sentry, Zealot  
  133  10:54  Immortal  
  127  11:02  Probe (Chrono Boost)  
  127  11:03  Probe x2 (Chrono Boost)  
  134  11:06  Templar Archives  
  134  11:11  Adept x2  
  137  11:14  Stalker  
  137  11:15  Probe (Chrono Boost), Stalker  
Tags
 
Add a new tag
Caveats
  • Supply blocks, unpowered buildings, or Contaminate may cause inaccurate times.
  • Supply counts are checked every 10 seconds.